 Dungeon Crawl Stone Soup version 0.20-a0-723-gf57855b (webtiles) character file.

209 Minion the Ruffian (level 5, -5/50 HPs)
             Began as a Troll Monk on Feb 21, 2017.
             Slain by a sky beast (6 damage)
             ... on level 3 of the Dungeon.
             The game lasted 00:05:04 (2340 turns).

Minion the Ruffian (Troll Monk)                     Turns: 2340, Time: 00:05:05

Health: -5/50      AC:  5    Str: 19    XL:     5   Next: 55%
Magic:  4/4        EV: 10    Int:  6    God:
Gold:   197        SH:  0    Dex: 13    Spells: 4/4 levels left

rFire    . . .     SeeInvis .     - Unarmed
rCold    . . .     Gourm    +   a - +0 robe
rNeg     . . .     Faith    .   (no shield)
rPois    .         Spirit   .   (helmet restricted)
rElec    .         Reflect  .   (no cloak)
rCorr    .         Harm     .   (gloves unavailable)
MR       .....                  (boots unavailable)
Stlth    ++........             (no amulet)
Regen    0.6/turn               (no ring)
MPRegen  0.1/turn               e - ring of flight

@: no status effects
A: unfitting armour, claws 3, fast metabolism 3, gourmand, regeneration 1,
shaggy fur 1, tough skin 2
a: Evoke Flight


You were on level 3 of the Dungeon.
You were completely stuffed.

You visited 1 branch of the dungeon, and saw 3 of its levels.

You collected 197 gold pieces.

Inventory:

Armour
 a - a +0 robe (worn)
Jewellery
 e - a ring of flight (left claw)
Scrolls
 i - 2 scrolls of enchant weapon {unknown}
 k - a scroll of magic mapping {unknown}
 l - 2 scrolls of identify {unknown}
Potions
 f - a potion of agility {unknown}
 g - a potion of resistance {unknown}
 h - 2 potions of might {unknown}
 m - 2 potions of magic {unknown}
Comestibles
 b - 2 bread rations
 c - 2 chunks of flesh
 d - a royal jelly
 j - a meat ration


   Skills:
 - Level 2.4 Fighting
 - Level 2.4 Dodging
 - Level 1.0 Stealth
 + Level 6.3 Unarmed Combat


You had 4 spell levels left.
You didn't know any spells.

Dungeon Overview and Level Annotations

Branches:
Dungeon (3/15)

Altars:
Ru
Yredelemnul
The Shining One


Innate Abilities, Weirdness & Mutations

You are too large for most types of armour.
You have claws for hands.
Your metabolism is lightning-fast.
You like to eat raw meat.
Your natural rate of healing is unusually fast.
You are covered in fur. (AC +1)
You have very tough skin. (AC +2)


Message History

Something hits you but does no damage.
No target in view!
No target in view!
Something hits you. Something shocks you.
You see here a worm corpse.
Something hits you. Something shocks you. Something hits you.
Something shocks you.
You scratch something. Something hits you.
* * * LOW HITPOINT WARNING * * *
Something shocks you.
* * * LOW HITPOINT WARNING * * *
You closely miss something. Something hits you.
* * * LOW HITPOINT WARNING * * *
Something shocks you.
* * * LOW HITPOINT WARNING * * *
Something hits you.
* * * LOW HITPOINT WARNING * * *
Something shocks you.
You die...

....##....... #...........#
#...........# . #...........#
..#...........###
.................
................. .......@..#
... ###.....†.# .... .#.......#
..... ..........# .....
..#...............####......
.#.#.............#............
.................#.............
.............##................
.............##....#...........


There were no monsters in sight!

Vanquished Creatures
  7 gnolls
  5 adders
  2 worms
  A dart slug (D:1)
  2 leopard geckos
  4 giant cockroaches
  11 hobgoblins
  11 jackals
  6 kobolds
  A quokka (D:2)
  9 bats
  3 frilled lizards
  10 goblins
  12 rats
84 creatures vanquished.

Notes
Turn   | Place    | Note
-------+----------+-------------------------------------------
     0 | D:1      | Minion the Troll Monk began the quest for the Orb.
     0 | D:1      | Reached XP level 1. HP: 22/22 MP: 0/0
   174 | D:1      | Reached XP level 2. HP: 29/29 MP: 1/1
   394 | D:1      | Reached skill level 4 in Unarmed Combat
   540 | D:1      | Reached XP level 3. HP: 35/36 MP: 2/2
  1187 | D:2      | Reached XP level 4. HP: 44/44 MP: 3/3
  1255 | D:2      | Reached skill level 5 in Unarmed Combat
  1388 | D:2      | Found a sacrificial altar of Ru.
  1681 | D:2      | Reached XP level 5. HP: 50/50 MP: 4/4
  1853 | D:2      | Found a glowing golden altar of the Shining One.
  2228 | D:3      | Found a basalt altar of Yredelemnul.
  2235 | D:3      | Reached skill level 6 in Unarmed Combat
  2327 | D:3      | Noticed a sky beast
  2339 | D:3      | HP: 1/50 [something (6)]
  2340 | D:3      | Slain by a sky beast

Vault maps used:
D:1:      nagdon_arrival_double_spiral
D:2:      cheibrodos_greedy_goblins, lemuel_doored_altar, tso_oasis_becter
D:3:      old_standard_altar, old_standard_altar, minivault_24

Skill      XL: |  1  2  3  4  5 |
---------------+----------------+-----
Unarmed Combat | 4 5 6 |  6.3
Fighting       | |  2.4
Dodging        | |  2.4
Stealth        | |  1.0

Action                   |  1- 3 |  4- 6 || total
-------------------------+-------+-------++-------
Melee: Unarmed           |    90 |   110 ||   200
       Punch             |     1 |       ||     1
 Stab: Sleeping          |     2 |     1 ||     3
  Eat: Chunk             |    16 |    11 ||    27
Armor: Robe              |    33 |    46 ||    79
Dodge: Dodged            |    47 |    76 ||   123
